 Dungeon Sprint DCSS version 0.23-a0-625-g1d2cd9b (webtiles) character file.

56 galech the Skirmisher (level 3, -2/33 HPs)
             Began as a Demonspawn Fighter on Dec 24, 2018.
             Was an Initiate of Okawaru.
             Slain by a flying skull (8 damage)
             ... in the Dungeon (Sprint VII: "The Pits").
             The game lasted 00:01:05 (299 turns).

galech the Skirmisher (Demonspawn Fighter)           Turns: 299, Time: 00:01:06

Health: -2/33      AC: 13    Str: 16      XL:     3   Next: 71%
Magic:  3/3        EV:  2    Int:  9      God:    Okawaru [......]
Gold:   0          SH:  9    Dex: 12 (13) Spells: 2/2 levels left

rFire    . . .     SeeInvis .   s - +1 hand axe (chop)
rCold    . . .     Gourm    .   c - +0 shield
rNeg     . . .     Faith    .   r - +2 plate armour
rPois    .         Spirit   .   (no helmet)
rElec    .         Reflect  .   (no cloak)
rCorr    .         Harm     .   (no gloves)
MR       .....     NoTele   +   (no boots)
Stlth    ..........             (no amulet)
HPRegen  0.11/turn              (no ring)
MPRegen  0.08/turn              (no ring)

@: no status effects
A: claws 1, demonic guardian 1
a: Renounce Religion


You were in the Dungeon.
You worshipped Okawaru.
Okawaru was noncommittal.
You were not hungry.

You visited 1 branch

Inventory:

Hand Weapons
 a - a +0 war axe
 m - a +2 hand axe
 s - a +1 hand axe of chopping (weapon)
Armour
 b - a +0 scale mail
 c - a +0 shield (worn)
 r - a +2 plate armour (worn)
Scrolls
 k - a scroll of blinking
 o - 3 scrolls of remove curse
 p - 5 scrolls of amnesia
 q - a scroll of summoning
Potions
 d - a potion of might
 e - 6 potions of curing
 g - 6 potions of heal wounds
 h - a potion of haste
 i - 4 potions of magic
 j - 3 potions of berserk rage
 n - 2 potions of invisibility
Comestibles
 f - 9 rations
 l - 6 chunks of flesh


   Skills:
 + Level 5.0 Fighting
 + Level 3.3 Axes
 + Level 4.2 Armour
 + Level 0.2 Dodging
 + Level 4.3 Shields


You had 2 spell levels left.
You didn't know any spells.
Your spell library was empty.

Dungeon Overview and Level Annotations

Branches:
Dungeon (1/1)

Altars:
Ashenzari
Cheibriados
Dithmenos
Elyvilon
Fedhas
Gozag
Hepliaklqana
Kikubaaqudgha
Makhleb
Nemelex Xobeh
Okawaru
Qazlal
Ru
Sif Muna
Trog
Uskayaw
Vehumet
Wu Jian
Xom
Yredelemnul
Zin
The Shining One
Beogh
Jiyva
Lugonu

Annotations:
D Grinder


Innate Abilities, Weirdness & Mutations

You have sharp fingernails.
A weak demonic guardian rushes to your aid.


Message History

The flying skull hits you but does no damage. x2
Your shield and plate armour prevent you from hitting the flying skull.
The flying skull hits you but does no damage.
Grinder blinks!
You barely miss the flying skull. You block the flying skull's attack. x2
You hit the flying skull but do no damage.
The flying skull hits you but does no damage.
The flying skull barely misses you.
You closely miss the flying skull. You block the flying skull's attack. x2
You completely miss the flying skull. You block the flying skull's attack.
The flying skull hits you.
* * * LOW HITPOINT WARNING * * *
You closely miss the flying skull.
The flying skull hits you but does no damage.
The flying skull hits you.
* * * LOW HITPOINT WARNING * * *
Grinder blinks!
You miss the flying skull. You block the flying skull's attack.
The flying skull hits you!
You die...

##########.##.....
#...........'.....
#'#####)#####.....
#.#..#..#.[##.....
#.#.÷)..#).#####'#
#.#..####))##.....
#5#..#..#))##.....
#5#..#..#..##.....
#@##'#÷.#'###...<.
#z#...)....##.....
#o#...÷....##.....
#5###########.....
#..#.#.## ######
#...5...#
##.#.#.## #......
##.#.#.#


You could see a flying skull, a quasit, an orc, a friendly iron imp and a
friendly white imp.

Vanquished Creatures
  A jelly (D)
  An adder (D)
  A leopard gecko (D)
  2 orcs (D)
  A hobgoblin (D)
  A ball python (D)
  2 bats (D)
9 creatures vanquished.

Vanquished Creatures (collateral kills)
  An adder (D)
  A quokka (D)
  A jackal zombie (D)
3 creatures vanquished.

Grand Total: 12 creatures vanquished

Notes
Turn   | Place    | Note
-------+----------+-------------------------------------------
     0 | D        | galech the Demonspawn Fighter began the quest for the Orb.
     0 | D        | Reached XP level 1. HP: 18/18 MP: 1/1
    27 | D        | Found a glowing golden altar of the Shining One.
    27 | D        | Found a glowing silver altar of Zin.
    27 | D        | Found a basalt altar of Yredelemnul.
    27 | D        | Found a shimmering altar of Xom.
    27 | D        | Found an ornate altar of the Wu Jian Council.
    27 | D        | Found a bloodstained altar of Trog.
    27 | D        | Found a deep blue altar of Sif Muna.
    27 | D        | Found a sacrificial altar of Ru.
    27 | D        | Found a stormy altar of Qazlal.
    27 | D        | Found an iron altar of Okawaru.
    27 | D        | Found a sparkling altar of Nemelex Xobeh.
    27 | D        | Found a burning altar of Makhleb.
    27 | D        | Found a viscous altar of Jiyva.
    27 | D        | Found a hazy altar of Hepliaklqana.
    27 | D        | Found an opulent altar of Gozag.
    27 | D        | Found a blossoming altar of Fedhas.
    27 | D        | Found a white marble altar of Elyvilon.
    27 | D        | Found a shadowy altar of Dithmenos.
    27 | D        | Found a snail-covered altar of Cheibriados.
    28 | D        | Found a radiant altar of Vehumet.
    28 | D        | Found a corrupted altar of Lugonu.
    28 | D        | Found a roughly hewn altar of Beogh.
    29 | D        | Found an ancient bone altar of Kikubaaqudgha.
    29 | D        | Found a hide-covered altar of Uskayaw.
    29 | D        | Found a shattered altar of Ashenzari.
    33 | D        | Became a worshipper of Warmaster Okawaru
    77 | D        | Gained mutation: A weak demonic guardian rushes to your
                  | aid. [demonic ancestry]
    77 | D        | Reached XP level 2. HP: 25/25 MP: 2/2
    81 | D        | Reached skill level 4 in Fighting
   101 | D        | Gained mutation: You have sharp fingernails. [demonic
                  | ancestry]
   101 | D        | Reached XP level 3. HP: 20/31 MP: 3/3
   282 | D        | Noticed Grinder
   282 | D        | Noticed a flying skull
   284 | D        | Reached skill level 5 in Fighting
   299 | D        | Slain by a flying skull

Vault maps used:
D:        pitsprint

Skill      XL: |  1  2  3 |
---------------+----------+-----
Armour         | 3 4 |  4.2
Shields        | 3 4 |  4.3
Axes           | 2 3 |  3.3
Fighting       | 4 5 |  5.0
Dodging        | |  0.2

Action                   || total
-------------------------++-------
Melee: Hand axe          ||    38
       War axe           ||     2
Armor: Scale mail        ||    11
       Plate armour      ||    13
Dodge: Dodged            ||     7
Block: Shield            ||    34

Table legend:
 A = Non-vault XP
 B = Vault XP
 C = Vault XP percentage of total XP
 D = Non-vault monster count
 E = Vault monster count
 F = Vault count percentage of total count
                 A         B        C        D         E       F
            +---------+---------+-------+---------+---------+-------
      Total |       0 |      81 | 100.0 |       0 |      12 | 100.0
            +---------+---------+-------+---------+---------+-------
          D |       0 |      81 | 100.0 |       0 |      12 | 100.0
            +---------+---------+-------+---------+---------+-------
